| TOP OF THE 1ST |
|
Paris Cubs batting - Pitching for Detroit Red Wings : RHP Adam Fisher
|
|
Pitching: RHP Adam Fisher
|
|
|
Batting: RHB Khalil Stephens
|
0-0: Called Strike 0-1: SINGLE (Line Drive, 8LS, EV 91.9 MPH)
|
|
Batting: RHB Brad Santanello
|
0-0: Ball Khalil Stephens is caught stealing 2nd base 2-4 1-0: Fly out, F7 (Flyball, 78M, EV 86.9 MPH)
|
|
Batting: LHB Emir Jalil
|
0-0: Called Strike 0-1: Ball 1-1: Ground out 4-3 (Groundball, 4, EV 104.4 MPH)
|
| Top of the 1st over - 0 runs, 1 hit, 0 errors, 0 left on base; Paris 0 - Detroit 0 |
| BOTTOM OF THE 1ST |
|
Detroit Red Wings batting - Pitching for Paris Cubs : RHP Ryohei Uda
|
|
Pitching: RHP Ryohei Uda
|
|
|
Batting: RHB Tony Soto
|
0-0: Ball 1-0: Called Strike 1-1: Foul Ball, location: 2F 1-2: Foul Ball, location: 2F 1-2: Strikes out swinging
|
|
Batting: RHB Brandon Everett
|
0-0: Called Strike 0-1: Ball 1-1: Called Strike 1-2: Strikes out swinging, 2-3 out at first.
|
|
Batting: LHB Jon Frederick
|
0-0: Ball 1-0: Ball 2-0: Ball 3-0: Called Strike 3-1: Base on Balls
|
|
Batting: SHB Ross Holland
|
0-0: Ball 1-0: Called Strike 1-1: Called Strike 1-2: Strikes out swinging
|
| Bottom of the 1st over - 0 runs, 0 hits, 0 errors, 1 left on base; Paris 0 - Detroit 0 |
| TOP OF THE 2ND |
|
Paris Cubs batting - Pitching for Detroit Red Wings : RHP Adam Fisher
|
|
Batting: RHB Ricardo Aguinaga
|
0-0: Ball 1-0: Ball 2-0: Ground out 5-3 (Groundball, 56D, EV 82.5 MPH)
|
|
Batting: RHB Denis Rachin
|
0-0: Ball 1-0: Foul Ball, location: 2F 1-1: Ball 2-1: Foul Ball, location: 2F 2-2: Fly out, F8 (Flyball, 78D, EV 93.8 MPH)
|
|
Batting: RHB Gilberto Alvarado
|
0-0: Ball 1-0: Ball 2-0: Ball 3-0: Base on Balls
|
|
Batting: RHB Josh Burns
|
0-0: Ball 1-0: Called Strike 1-1: Ball 2-1: Called Strike 2-2: Ball 3-2: Foul Ball, location: 2F 3-2: Foul Ball, location: 2F 3-2: Ground out 5-3 (Groundball, 56, EV 100.0 MPH)
|
| Top of the 2nd over - 0 runs, 0 hits, 0 errors, 1 left on base; Paris 0 - Detroit 0 |
| BOTTOM OF THE 2ND |
|
Detroit Red Wings batting - Pitching for Paris Cubs : RHP Ryohei Uda
|
|
Batting: LHB Brad Gaskill
|
0-0: Ball 1-0: Foul Ball, location: 2F 1-1: Called Strike 1-2: Strikes out swinging
|
|
Batting: RHB Tony Nunez
|
0-0: Ball 1-0: Called Strike 1-1: Called Strike 1-2: Foul Ball, location: 2F 1-2: Foul Ball, location: 2F 1-2: Ball 2-2: Fly out, F9 (Flyball, 9, EV 90.6 MPH)
|
|
Batting: LHB Glen Boyle
|
0-0: Ball 1-0: Ball 2-0: Ball 3-0: Base on Balls
|
|
Batting: RHB Jeremiah Washington
|
0-0: Ball 1-0: Fly out, F4 (Popup, 13S, EV 86.9 MPH)
|
| Bottom of the 2nd over - 0 runs, 0 hits, 0 errors, 1 left on base; Paris 0 - Detroit 0 |
| TOP OF THE 3RD |
|
Paris Cubs batting - Pitching for Detroit Red Wings : RHP Adam Fisher
|
|
Batting: LHB Hiroki Yamamoto
|
0-0: Called Strike 0-1: Ball 1-1: Ball 2-1: Foul Ball, location: 2F 2-2: Ball 3-2: Base on Balls
|
|
Batting: RHB Alvaro Romero
|
0-0: Foul Ball, location: 2F 0-1: Ball 1-1: SINGLE (Line Drive, 3D, EV 100.6 MPH) Hiroki Yamamoto to second
|
|
Batting: RHB Khalil Stephens
|
0-0: Ball 1-0: Swinging Strike 1-1: Fly out, F6 (Popup, 4MS, EV 71.2 MPH)
|
|
Batting: RHB Brad Santanello
|
0-0: Foul Ball, location: 2F 0-1: Foul Ball, location: 2F 0-2: Ball 1-2: Strikes out swinging
|
|
Batting: LHB Emir Jalil
|
0-0: Ball 1-0: Ball 2-0: Swinging Strike 2-1: Called Strike 2-2: Fly out, F9 (Flyball, 9LM, EV 91.2 MPH)
|
| Top of the 3rd over - 0 runs, 1 hit, 0 errors, 2 left on base; Paris 0 - Detroit 0 |
| BOTTOM OF THE 3RD |
|
Detroit Red Wings batting - Pitching for Paris Cubs : RHP Ryohei Uda
|
|
Batting: LHB Steve Herrera
|
0-0: Foul Ball, location: 2F 0-1: Foul Ball, location: 2F 0-2: Strikes out looking
|
|
Batting: RHB Tony Soto
|
0-0: Ball 1-0: Called Strike 1-1: Called Strike 1-2: Foul Ball, location: 2F 1-2: Ball 2-2: Ground out 4-3 (Groundball, 4, EV 102.5 MPH)
|
|
Batting: RHB Brandon Everett
|
0-0: Fly out, F3 (Popup, 3S, EV 73.1 MPH)
|
| Bottom of the 3rd over - 0 runs, 0 hits, 0 errors, 0 left on base; Paris 0 - Detroit 0 |
| TOP OF THE 4TH |
|
Paris Cubs batting - Pitching for Detroit Red Wings : RHP Adam Fisher
|
|
Batting: RHB Ricardo Aguinaga
|
0-0: Swinging Strike 0-1: Swinging Strike 0-2: Ball 1-2: Strikes out swinging
|
|
Batting: RHB Denis Rachin
|
0-0: Called Strike 0-1: Fly out, F9 (Flyball, 9LM, EV 88.8 MPH)
|
|
Batting: RHB Gilberto Alvarado
|
0-0: Called Strike 0-1: Ground out 4-3 (Groundball, 4, EV 109.4 MPH)
|
| Top of the 4th over - 0 runs, 0 hits, 0 errors, 0 left on base; Paris 0 - Detroit 0 |
| BOTTOM OF THE 4TH |
|
Detroit Red Wings batting - Pitching for Paris Cubs : RHP Ryohei Uda
|
|
Batting: LHB Jon Frederick
|
0-0: Called Strike 0-1: Foul Ball, location: 2F 0-2: Ball 1-2: Ball 2-2: Foul Ball, location: 2F 2-2: Strikes out looking
|
|
Batting: SHB Ross Holland
|
0-0: Ball 1-0: DOUBLE (Flyball, 8LXD, EV 112.5 MPH)
|
|
Batting: LHB Brad Gaskill
|
0-0: Fly out, F8 (Line Drive, 8LM, EV 104.4 MPH)
|
|
Batting: RHB Tony Nunez
|
0-0: Called Strike 0-1: Swinging Strike 0-2: Foul Ball, location: 2F 0-2: Strikes out swinging
|
| Bottom of the 4th over - 0 runs, 1 hit, 0 errors, 1 left on base; Paris 0 - Detroit 0 |
| TOP OF THE 5TH |
|
Paris Cubs batting - Pitching for Detroit Red Wings : RHP Adam Fisher
|
|
Batting: RHB Josh Burns
|
0-0: Called Strike 0-1: Ball 1-1: Ball 2-1: Foul Ball, location: 2F 2-2: Ball 3-2: SINGLE (Groundball, 6S, EV 65.6 MPH) (infield hit)
|
|
Batting: LHB Hiroki Yamamoto
|
0-0: Ball 1-0: Ball 2-0: Called Strike 2-1: Ball 3-1: Grounds into double play, 6-4-3 (Groundball, 6, EV 83.8 MPH)
|
|
Batting: RHB Alvaro Romero
|
0-0: Ball 1-0: DOUBLE (Groundball, 5L, EV 100.6 MPH)
|
|
Batting: RHB Khalil Stephens
|
0-0: Ball 1-0: Foul Ball, location: 2F 1-1: Swinging Strike 1-2: Ball 2-2: DOUBLE (Line Drive, 9LM, EV 105.0 MPH) Alvaro Romero scores
|
|
Batting: RHB Brad Santanello
|
0-0: Ball 1-0: Foul Ball, location: 2F 1-1: Ball 2-1: Swinging Strike 2-2: Strikes out swinging
|
| Top of the 5th over - 1 run, 3 hits, 0 errors, 1 left on base; Paris 1 - Detroit 0 |
| BOTTOM OF THE 5TH |
|
Detroit Red Wings batting - Pitching for Paris Cubs : RHP Ryohei Uda
|
|
Batting: LHB Glen Boyle
|
0-0: Ball 1-0: Swinging Strike 1-1: Ball 2-1: Called Strike 2-2: Strikes out looking
|
|
Batting: RHB Jeremiah Washington
|
0-0: Ball 1-0: Swinging Strike 1-1: Ball 2-1: Foul Ball, location: 2F 2-2: Strikes out swinging
|
|
Batting: LHB Steve Herrera
|
0-0: Ball 1-0: Ball 2-0: SOLO HOME RUN (Line Drive, 9LD, EV 93.8 MPH), Distance : 348 ft
|
|
Batting: RHB Tony Soto
|
0-0: Called Strike 0-1: Called Strike 0-2: Ball 1-2: SINGLE (Groundball, 5D, EV 98.1 MPH)
|
|
Batting: RHB Brandon Everett
|
0-0: SINGLE (Groundball, 6MD, EV 104.4 MPH) Tony Soto to second Runner from 2nd tries for 3rd, SAFE, throw by CF made at trailing runner, OUT! 8-4
|
| Bottom of the 5th over - 1 run, 3 hits, 0 errors, 1 left on base; Paris 1 - Detroit 1 |
| TOP OF THE 6TH |
|
Paris Cubs batting - Pitching for Detroit Red Wings : RHP Adam Fisher
|
|
Batting: LHB Emir Jalil
|
0-0: Ball 1-0: Foul Ball, location: 2F 1-1: Foul Ball, location: 2F 1-2: Foul Ball, location: 2F 1-2: Foul Ball, location: 2F 1-2: Ball 2-2: Ball 3-2: Base on Balls
|
|
Batting: RHB Ricardo Aguinaga
|
0-0: Swinging Strike 0-1: Swinging Strike 0-2: Ball 1-2: Foul Ball, location: 2F 1-2: Strikes out swinging
|
|
Batting: RHB Denis Rachin
|
0-0: Fly out, F9 (Flyball, 89D, EV 90.6 MPH)
|
|
Batting: RHB Gilberto Alvarado
|
0-0: Ball 1-0: Ball 2-0: Foul Ball, location: 2F 2-1: Swinging Strike 2-2: Ground out 6-3 (Groundball, P, EV 93.8 MPH)
|
| Top of the 6th over - 0 runs, 0 hits, 0 errors, 1 left on base; Paris 1 - Detroit 1 |
| BOTTOM OF THE 6TH |
|
Detroit Red Wings batting - Pitching for Paris Cubs : RHP Ryohei Uda
|
|
Batting: LHB Jon Frederick
|
0-0: Foul Ball, location: 2F 0-1: Ball 1-1: Foul Ball, location: 2F 1-2: Strikes out swinging
|
|
Batting: SHB Ross Holland
|
0-0: Ball 1-0: Ball 2-0: Ball 3-0: Base on Balls
|
|
Batting: LHB Brad Gaskill
|
0-0: Called Strike 0-1: Ball 1-1: Ball 2-1: Ball 3-1: 2-RUN HOME RUN (Line Drive, 78XD, EV 109.4 MPH), Distance : 434 ft
|
|
Batting: RHB Tony Nunez
|
0-0: DOUBLE (Line Drive, 8LXD, EV 100.6 MPH)
|
|
Batting: LHB Glen Boyle
|
0-0: Intentional Walk
|
|
Batting: RHB Jeremiah Washington
|
0-0: Ball 1-0: DOUBLE (Line Drive, 8LXD, EV 103.8 MPH) Tony Nunez scores Glen Boyle to third Runner from 3rd tries for Home, SAFE, throw by CF to trailing runner, SAFE at third!
|
|
Batting: LHB Steve Herrera
|
0-0: Called Strike 0-1: DOUBLE (Flyball, 5D, EV 98.8 MPH) Jeremiah Washington scores
|
|
Pitching: LHP Jose Urena
|
|
|
Batting: RHB Tony Soto
|
0-0: Ground out 5-3 (Groundball, 56, EV 84.4 MPH)
|
|
Batting: RHB Brandon Everett
|
0-0: Foul Ball, location: 2F 0-1: Ball 1-1: Fly out, F7 (Line Drive, 7, EV 110.0 MPH)
|
| Bottom of the 6th over - 5 runs, 4 hits, 0 errors, 1 left on base; Paris 1 - Detroit 6 |
| TOP OF THE 7TH |
|
Paris Cubs batting - Pitching for Detroit Red Wings : RHP Adam Fisher
|
|
Pitching: RHP Chris Wilkerson
|
|
|
Batting: RHB Josh Burns
|
0-0: Ball 1-0: Ball 2-0: Swinging Strike 2-1: Foul Ball, location: 2F 2-2: Ball 3-2: SINGLE (Line Drive, 7S, EV 105.0 MPH)
|
|
Batting: LHB Hiroki Yamamoto
|
0-0: Ball 1-0: Called Strike 1-1: Foul Ball, location: 2F 1-2: Fly out, F4 (Popup, 4, EV 73.1 MPH)
|
|
Batting: RHB Alvaro Romero
|
0-0: Ball 1-0: Ball 2-0: Ball 3-0: Called Strike 3-1: Base on Balls Josh Burns to second
|
|
Batting: RHB Khalil Stephens
|
0-0: Swinging Strike 0-1: Ball 1-1: Ball 2-1: Ball 3-1: Called Strike 3-2: TRIPLE (Flyball, 78XD, EV 93.8 MPH) Josh Burns scores Alvaro Romero scores
|
|
Batting: RHB Brad Santanello
|
0-0: Called Strike 0-1: Ball 1-1: Ball 2-1: Fly out, F9 (Flyball, 9LS, EV 96.2 MPH) Runner from 3rd tags up, SCORES, throw by RF
|
|
Batting: LHB Emir Jalil
|
0-0: Called Strike 0-1: Swinging Strike 0-2: Strikes out swinging
|
| Top of the 7th over - 3 runs, 2 hits, 0 errors, 0 left on base; Paris 4 - Detroit 6 |
| BOTTOM OF THE 7TH |
|
Detroit Red Wings batting - Pitching for Paris Cubs : LHP Jose Urena
|
|
Batting: LHB Jon Frederick
|
0-0: Called Strike 0-1: Ball 1-1: Ground out U3 (Groundball, 3, EV 80.0 MPH)
|
|
Batting: SHB Ross Holland
|
0-0: Called Strike 0-1: Called Strike 0-2: Ball 1-2: Strikes out looking
|
|
Batting: LHB Brad Gaskill
|
0-0: Ball 1-0: Ball 2-0: Swinging Strike 2-1: SOLO HOME RUN (Line Drive, 9LD, EV 100.6 MPH), Distance : 366 ft
|
|
Batting: RHB Tony Nunez
|
0-0: Foul Ball, location: 2F 0-1: Swinging Strike 0-2: Strikes out looking
|
| Bottom of the 7th over - 1 run, 1 hit, 0 errors, 0 left on base; Paris 4 - Detroit 7 |
| TOP OF THE 8TH |
|
Paris Cubs batting - Pitching for Detroit Red Wings : RHP Chris Wilkerson
|
|
Batting: RHB Ricardo Aguinaga
|
0-0: Ball 1-0: Called Strike 1-1: Hit by Pitch
|
|
Batting: RHB Denis Rachin
|
0-0: SINGLE (Flyball, 78S, EV 85.6 MPH) Ricardo Aguinaga to second
|
|
Batting: RHB Gilberto Alvarado
|
0-0: Grounds into double play, 4-6-3 (Groundball, 4, EV 110.0 MPH) Ricardo Aguinaga to third
|
|
Batting: RHB Josh Burns
|
0-0: Ball 1-0: Swinging Strike 1-1: Ball 2-1: Called Strike 2-2: Foul Ball, location: 2F 2-2: Ground out 6-3 (Groundball, 6, EV 89.4 MPH)
|
| Top of the 8th over - 0 runs, 1 hit, 0 errors, 1 left on base; Paris 4 - Detroit 7 |
| BOTTOM OF THE 8TH |
|
Detroit Red Wings batting - Pitching for Paris Cubs : LHP Jose Urena
|
|
Batting: LHB Glen Boyle
|
0-0: Called Strike 0-1: Swinging Strike 0-2: Ball 1-2: Ball 2-2: Strikes out looking
|
|
Batting: RHB Jeremiah Washington
|
0-0: SOLO HOME RUN (Flyball, 78XD, EV 111.2 MPH), Distance : 442 ft
|
|
Batting: LHB Steve Herrera
|
0-0: Foul Ball, location: 2F 0-1: Foul Ball, location: 2F 0-2: Ball 1-2: Ball 2-2: Foul Ball, location: 2F 2-2: Ball 3-2: Strikes out looking
|
|
Batting: RHB Tony Soto
|
0-0: Ball 1-0: SOLO HOME RUN (Flyball, 78XD, EV 106.9 MPH), Distance : 433 ft
|
|
Batting: RHB Brandon Everett
|
0-0: Called Strike 0-1: Ball 1-1: Swinging Strike 1-2: SINGLE (Groundball, 6MD, EV 106.2 MPH)
|
|
Batting: LHB Jon Frederick
|
0-0: Ball 1-0: Ball 2-0: Called Strike 2-1: 2-RUN HOME RUN (Flyball, 9D, EV 96.9 MPH), Distance : 380 ft
|
|
Batting: SHB Ross Holland
|
0-0: Ball 1-0: Called Strike 1-1: Ball 2-1: Foul Ball, location: 2F 2-2: Ball 3-2: Ground out 5-3 (Groundball, 5, EV 75.6 MPH)
|
| Bottom of the 8th over - 4 runs, 4 hits, 0 errors, 0 left on base; Paris 4 - Detroit 11 |
| TOP OF THE 9TH |
|
Paris Cubs batting - Pitching for Detroit Red Wings : RHP Chris Wilkerson
|
|
Batting: LHB Hiroki Yamamoto
|
0-0: Called Strike 0-1: Called Strike 0-2: Ball 1-2: Ball 2-2: Ball 3-2: Base on Balls
|
|
Batting: RHB Alvaro Romero
|
0-0: Ball 1-0: Fly out, F7 (Flyball, 7S, EV 90.6 MPH)
|
|
Batting: RHB Khalil Stephens
|
0-0: Ball 1-0: Fly out, F7 (Flyball, 7LM, EV 100.0 MPH)
|
|
Batting: RHB Brad Santanello
|
0-0: Ground out 4-3 (Groundball, 4, EV 100.0 MPH)
|
| Top of the 9th over - 0 runs, 0 hits, 0 errors, 1 left on base; Paris 4 - Detroit 11 |
|